 Dungeon Crawl Stone Soup version 0.27.0-1-g7a089689b8 (webtiles) character file.

Game seed: 11865254441028139739

6157 SnakkuSnakku7 the Grappler (level 10, -5/88 HPs)
             Began as a Ghoul Arcane Marksman on Aug 4, 2021.
             Was a Priest of Wu Jian.
             Slain by Urug (13 damage)
             ... on level 10 of the Dungeon.
             The game lasted 00:14:45 (12702 turns).

SnakkuSnakku7 the Grappler (Ghoul Arcane Marksman) Turns: 12702, Time: 00:14:45

Health: -5/88      AC: 20    Str: 18    XL:     10   Next: 90%
Magic:  10/10      EV:  5    Int:  8    God:    Wu Jian [***...]
Gold:   208        SH:  3    Dex: 12    Spells: 11/11 levels left

rFire    . . .     SeeInvis .     - Unarmed
rCold    + . .     Faith    .   B - +0 buckler
rNeg     + + +     Spirit   .   c - +0 plate armour
rPois    ∞         Reflect  .   (no helmet)
rElec    .         Harm     .   x - +0 cloak
rCorr    .         Rampage  .   w - +2 pair of gloves {Dex+3}
Will     .....                  G - +1 pair of boots
Stlth    ..........             (no amulet)
HPRegen  0.00/turn              (no ring)
MPRegen  0.12/turn              (no ring)

@: inhibited regen
A: claws 1, cold resistance 1, negative energy resistance 3, inhibited
regeneration, torment resistance 2
a: Renounce Religion, Wall Jump, Serpent's Lash


You were on level 10 of the Dungeon.
You worshipped Wu Jian.
Wu Jian was most pleased with you.
You visited 1 branch of the dungeon, and saw 10 of its levels.
You also visited: Ossuary.

You collected 545 gold pieces.
You spent 337 gold pieces at shops.

Inventory:

Missiles
 b - 5 javelins (quivered)
 o - 47 poisoned darts
Armour
 c - a +0 plate armour (worn)
 f - a +0 kite shield
 w - a +2 pair of gloves of dexterity (worn)
 x - a +0 cloak (worn)
 B - a +0 buckler (worn)
 G - a +1 pair of boots (worn)
Jewellery
 m - a ring of wizardry
Wands
 l - a wand of polymorph (14)
 z - a wand of digging (4)
 A - a wand of mindburst (8)
 F - a wand of iceblast (7)
Scrolls
 d - 7 scrolls of teleportation
 i - a scroll of vulnerability {unknown}
 n - a scroll of enchant armour {unknown}
 p - 4 scrolls of identify {unknown}
 q - 2 scrolls of fear {unknown}
 r - a scroll of torment {unknown}
 y - a scroll of acquirement {unknown}
 C - 2 scrolls of fog {unknown}
 E - a scroll of immolation {unknown}
Potions
 a - a potion of invisibility {unknown}
 e - 3 potions of berserk rage {unknown}
 g - 2 potions of mutation {unknown}
 h - a potion of brilliance {unknown}
 j - a potion of resistance
 k - a potion of attraction {unknown}
 s - 2 potions of flight {unknown}
 t - 2 potions of cancellation {unknown}
 u - a potion of haste
 v - 3 potions of curing {unknown}
 D - a potion of lignification {unknown}


   Skills:
 - Level 8.0 Fighting
 - Level 1.7 Throwing
 + Level 8.2 Armour
 - Level 1.7 Dodging
 - Level 12.0 Unarmed Combat
 - Level 1.0 Spellcasting
 - Level 2.4 Hexes


You had 11 spell levels left.
You didn't know any spells.
Your spell library contained the following spells:

 Spells                   Type           Power      Damage    Failure   Level
 Apportation              Tloc           0%         N/A       100%        1
 Corona                   Hex            4%         N/A       100%        1
 Ensorcelled Hibernation  Hex/Ice        4%         N/A       100%        2
 Slow                     Hex            4%         N/A       100%        2
 Inner Flame              Hex/Fire       2%         N/A       100%        3
 Portal Projectile        Hex/Tloc       4%         N/A       100%        3
 Tukima's Dance           Hex            4%         N/A       100%        3
 Cause Fear               Hex            2%         N/A       100%        4
 Alistair's Intoxication  Tmut/Pois      0%         N/A       100%        5
 Invisibility             Hex            2%         N/A       100%        6
 Summon Hydra             Summ           0%         N/A       100%        7
 Sublimation of Blood     Necr           Unusable   N/A       N/A         2
 Wereblood                Tmut           Unusable   N/A       N/A         2

Dungeon Overview and Level Annotations

Branches:
Dungeon (10/15)            Temple (0/1) D:7            Lair (0/6) D:9
Ossuary (visited)
    Orc: D:9-12

Altars:
Elyvilon
Fedhas
Trog
Vehumet
Wu Jian
Zin

Shops:
D:1 :   D:3 [   D:6 ?*   D:10 :

Annotations:
D:7 2 transporters, DocClef's ghost, novice GnDe
D:10 Urug


Innate Abilities, Weirdness & Mutations

You thrive by killing the living.
You are immune to poison.
You have sharp fingernails.
Your flesh is cold resistant. (rC+)
You are immune to negative energy. (rN+++)
You do not regenerate when monsters are visible.
You are immune to unholy pain and torment.


Message History

You hit Urug.
Urug is lightly wounded.
You punch Urug!
Urug is moderately wounded.
Urug hits you but does no damage.
You punch Urug!
Urug is heavily wounded.
Urug screams, "Damn your eyes!" Urug hits you but does no damage.
You hit Urug but do no damage.
Urug is heavily wounded.
Urug completely misses you.
You hit Urug but do no damage.
Urug is heavily wounded.
Urug hits you with a +2 eveningstar!
You hit Urug.
Urug is heavily wounded.
Urug hits you with a +2 eveningstar!
You barely miss Urug.
Urug is heavily wounded.
You punch Urug!
Urug is severely wounded.
Urug hits you but does no damage.
You punch Urug!
Urug is almost dead.
Urug hits you with a +2 eveningstar!!
* * * LOW HITPOINT WARNING * * *
Your plate armour prevents you from hitting Urug.
Urug is almost dead.
Urug hits you with a +2 eveningstar!
* * * LOW HITPOINT WARNING * * *
You barely miss Urug.
Urug is almost dead.
Urug hits you with a +2 eveningstar!
* * * LOW HITPOINT WARNING * * *
Unknown command.
You closely miss Urug.
Urug is almost dead.
Urug hits you with a +2 eveningstar!
You die...

################# ###
#..........o@...# #..
#.....#'#####...# #..
#####.....#.....#...###########..
.....o....#.....#................
..........#.....+................
..........#######................
.................................
###..............................
#..............................


You could see Urug.

Vanquished Creatures
  2 two-headed ogres (D:8)
  Pikel (D:6)
  A wyvern (D:7)
  A wraith (D:6)
  A steam dragon (D:9)
  2 vampire mosquitoes (D:7)
  3 water moccasins
  3 orc warriors
  A black bear (D:6)
  2 necrophages (D:6)
  2 ogres
  2 centaurs
  A lemure (D:6)
  An elf zombie (Ossuary)
  Blork the orc (D:6)
  2 kobold brigands
  2 bullfrogs
  3 wyvern zombies
  2 gnoll sergeants
  3 killer bees (D:10)
  5 wights
  4 howler monkeys
  7 centaur zombies
  4 jellies
  2 gnoll shamans
  2 hounds (D:5)
  7 orc priests
  5 iguanas
  5 orc wizards
  4 hound zombies
  A howler monkey zombie (D:6)
  3 mummies (Ossuary)
  3 howler monkey skeletons
  16 gnolls
  4 adders
  A white imp (D:6)
  An ufetubus (D:7)
  2 adder skeletons
  4 adder zombies (Ossuary)
  A dart slug (D:3)
  25 orcs
  3 endoplasms
  3 giant cockroaches
  2 gnoll zombies (Ossuary)
  7 goblins
  2 hobgoblins
  6 jackals (D:1)
  4 quokkas
  6 ball pythons
  2 frilled lizards (D:2)
  2 goblin zombies (Ossuary)
  2 hobgoblin zombies (Ossuary)
  4 jackal zombies (Ossuary)
  12 kobolds
  3 kobold zombies (Ossuary)
  An orc zombie (Ossuary)
  6 quokka zombies (Ossuary)
  3 rats
  3 rat zombies (Ossuary)
213 creatures vanquished.

Vanquished Creatures (others)
  16 plants (D:6)
16 creatures vanquished.

Grand Total: 229 creatures vanquished

Notes
Turn   | Place    | Note
-------+----------+-------------------------------------------
     0 | D:1      | SnakkuSnakku7 the Ghoul Arcane Marksman began the quest for
                  | the Orb.
     0 | D:1      | Reached XP level 1. HP: 16/16 MP: 1/1
   148 | D:1      | Reached skill level 1 in Unarmed Combat
   148 | D:1      | Reached XP level 2. HP: 13/24 MP: 2/2
   595 | D:1      | Found Cacwips's Book Shop.
  1060 | D:2      | Reached XP level 3. HP: 29/29 MP: 3/3
  1310 | D:2      | Reached skill level 2 in Unarmed Combat
  1779 | D:3      | Found Uxtuis's Armour Boutique.
  1830 | D:3      | Found a radiant altar of Vehumet.
  2257 | D:3      | Reached XP level 4. HP: 37/37 MP: 4/4
  2874 | D:4      | HP: 1/38 [acid (7)]
  2880 | D:4      | Reached skill level 3 in Unarmed Combat
  3192 | D:4      | Found a bloodstained altar of Trog.
  3301 | D:4      | Reached XP level 5. HP: 46/46 MP: 5/5
  3619 | D:4      | Reached skill level 4 in Unarmed Combat
  3622 | D:4      | Noticed a kobold brigand
  3636 | D:4      | Killed a kobold brigand
  3637 | D:4      | Reached XP level 6. HP: 18/53 MP: 6/6
  3855 | D:4      | Found an ornate altar of the Wu Jian Council.
  4020 | D:4      | Noticed a spectral centipede
  4020 | D:4      | Noticed a spectral black mamba
  4020 | D:4      | Noticed a spectral cane toad
  4021 | D:4      | Became a worshipper of the Wu Jian Council
  4148 | D:5      | Entered Level 5 of the Dungeon
  4199 | D:5      | Noticed an orc warrior
  4222 | D:4      | Reached skill level 5 in Fighting
  4430 | D:5      | Killed an orc warrior
  4431 | D:5      | Reached skill level 5 in Unarmed Combat
  4431 | D:5      | Reached XP level 7. HP: 21/61 MP: 7/7
  5438 | D:5      | Reached skill level 6 in Unarmed Combat
  6167 | D:6      | Reached XP level 8. HP: 70/71 MP: 8/8
  6336 | D:6      | Reached skill level 7 in Unarmed Combat
  6432 | D:6      | Reached * piety under Wu Jian
  6466 | D:6      | Found a sand-covered staircase.
  6475 | Ossuary  | Entered an ossuary
  6853 | Ossuary  | Reached ** piety under Wu Jian
  7095 | D:6      | Reached skill level 8 in Unarmed Combat
  7539 | D:6      | Found Onuy's Magic Scroll Shoppe.
  7708 | D:6      | Found Zin's Purification Station.
  7736 | D:6      | Noticed Pikel
  7761 | D:6      | Killed Pikel
  7762 | D:6      | Reached skill level 10 in Unarmed Combat
  7762 | D:6      | Reached XP level 9. HP: 67/81 MP: 9/9
  8028 | D:6      | Noticed Blork the orc
  8036 | D:6      | Killed Blork the orc
  8415 | D:3      | Bought a +2 pair of gloves of dexterity for 279 gold pieces
  8415 | D:3      | Bought a +0 cloak for 58 gold pieces
  8611 | D:6      | Reached skill level 11 in Unarmed Combat
  8998 | D:7      | Found a staircase to the Ecumenical Temple.
  9144 | D:7      | Found a transporter.
  9157 | D:7      | Found a transporter.
  9157 | D:7      | Noticed DocClef's ghost (novice GnDe)
  9241 | D:7      | Reached skill level 12 in Unarmed Combat
  9241 | D:7      | Reached skill level 1 in Armour
  9407 | D:7      | Reached XP level 10. HP: 72/88 MP: 10/10
  9656 | D:8      | Noticed a two-headed ogre
  9668 | D:8      | Killed a two-headed ogre
  9669 | D:8      | Reached skill level 5 in Armour
  9693 | D:8      | Reached *** piety under Wu Jian
  9792 | D:8      | Noticed a two-headed ogre
  9803 | D:8      | Killed a two-headed ogre
 10919 | D:9      | Found a staircase to the Lair.
 12123 | D:9      | Found a blossoming altar of Fedhas.
 12208 | D:10     | Entered Level 10 of the Dungeon
 12419 | D:10     | Found Heozufaj's Book Boutique.
 12669 | D:10     | Noticed Urug
 12702 | D:10     | Slain by Urug

Illustrated notes

Levels and vault maps discovered:
D:1:      dpeg_arrival_fog, layout_loops_ring, serial_shops,
          nicolae_diamond_shop, nrook_campfire
D:2:      layout_loops_ring
D:3:      layout_basic, nicolae_vehumet_altar_sigil, serial_shops,
          nicolae_lakefront_shop, fountainhead
D:4:      layout_basic, trog_three_pillars_becter,
          pdpol_wu_jian_five_deadly_venoms, kennysheep_another_room,
          kennysheep_generic_room_9
D:5:      layout_loops_cross
D:6:      layout_loops_ring, zin_purify, nicolae_ossuary_entry_ruins,
          serial_bayou, serial_bayou_pond_a, serial_bayou_lagoon_a,
          serial_bayou_pond_e, serial_bayou_crossing, serial_shops, shop,
          uniq_blork_the_orc, uniq_pikel
D:7:      layout_rooms, minmay_temple_entry_enclosed_plants,
          gammafunk_ghost_smash, hangedman_decor_lopped, minmay_puff
D:8:      layout_rooms
D:9:      layout_roguey, lemuel_crystal_altar, lair_entry_dummy
D:10:     layout_irregular_city, mainiacjoe_overflow_catwalk, serial_shops,
          shop, uniq_maggie, uniq_urug

Skill      XL: |  1  2  3  4  5  6  7  8  9 10 |
---------------+-------------------------------+-----
Unarmed Combat | 1 2 3 4 5 6 10 12 | 12.0
Fighting       | 2 3 4 5 6 8 |  8.0
Armour         | 2 8 |  8.2
Throwing       | |  1.7
Dodging        | |  1.7
Spellcasting   | |  1.0
Hexes          | |  2.4

Action                   |  1- 3 |  4- 6 |  7- 9 | 10-12 || total
-------------------------+-------+-------+-------+-------++-------
Melee: Unarmed           |   154 |   122 |   428 |   210 ||   914
       Punch             |     1 |     2 |    10 |     9 ||    22
Throw: Javelin           |       |     5 |       |       ||     5
       Throwing net      |       |     2 |       |       ||     2
       Dart              |       |    12 |       |    10 ||    22
Invok: Lunge             |       |     1 |    24 |    10 ||    35
       Whirlwind         |       |       |     2 |     2 ||     4
Evoke: Wand              |       |       |     2 |       ||     2
  Use: Scroll            |       |       |     4 |       ||     4
Armor: Ring mail         |    43 |    49 |       |       ||    92
       Robe              |     4 |       |       |       ||     4
       Plate armour      |       |       |   226 |   151 ||   377
Dodge: Dodged            |    89 |    41 |    88 |    48 ||   266
Block: Buckler           |       |       |       |    12 ||    12
